 Dungeon Crawl Stone Soup version 0.31.0-32-g396128a36d (webtiles) character file.

Game seed: 9823844768162031731

135 asishallab the Digger (level 4, -1/9 HPs)
             Began as a Draconian Earth Elementalist on Mar 15, 2024.
             Slain by a goblin
             ... wielding a +2 dagger of draining
             ... led by Robin
              (3 damage)
             ... on level 2 of the Dungeon.
             The game lasted 00:06:14 (1186 turns).

asishallab the Digger (DrEE)                        Turns: 1186, Time: 00:06:15

HP:   -1/9 (9)      AC:  5    Str: 10    XL:     4   Next: 96%
MP:   5/8           EV: 16    Int: 18    God:
Gold: 40            SH:  0    Dex: 11    Spells: 4/8 levels left

rFire   . . .        e - melded +0 dagger
rCold   . . .        (shield currently unavailable)
rNeg    . . .        (body armour unavailable)
rPois   .            (helmet restricted)
rElec   .            (no cloak)
rCorr   .            (no gloves)
SInv    .            (no boots)
Will    .....        (no amulet)
Stlth   +            (no ring)
HPRegen 0.21/turn    (no ring)
MPRegen 0.11/turn

%: no passive effects
@: flux-form, glowing, lightly drained
A: glow, contaminating, reduced hp, AC +5, unfitting armour, cold-blooded
a: Begin Untransformation


You were on level 2 of the Dungeon.
You were something dangerously unstable.
You visited 1 branch of the dungeon, and saw 2 of its levels.

You collected 40 gold pieces.

Inventory:

Hand Weapons
 e - a +0 dagger (melded)
Missiles
 l - 2 poisoned darts (quivered)
Jewellery
 d - a ring of poison resistance
 m - an amulet of regeneration
 o - an amulet of guardian spirit
Talismans
 i - a flux talisman (active)
Scrolls
 b - a scroll of fear {unknown}
 c - a scroll of blinking {unknown}
 g - a scroll of enchant weapon {unknown}
 h - 3 scrolls of identify {unknown}
Potions
 a - a potion of degeneration {unknown}
 f - a potion of resistance {unknown}
 j - a potion of ambrosia {unknown}
 k - a potion of enlightenment {unknown}
 n - a potion of lignification {unknown}


   Skills:
 + Level 2.8 Dodging
 - Level 1.7 Stealth
 + Level 2.9 Spellcasting
 + Level 2.4 Conjurations
 + Level 3.8 Earth Magic


You had 4 spell levels left.
You knew the following spells:

 Your Spells              Type           Power      Damage    Failure   Level
a - Sandblast             Erth           32%        2d9       3%          1
b - Stone Arrow           Conj/Erth      26%        3d8       14%         3

Your spell library contained the following spells:

 Spells                   Type           Power      Damage    Failure   Level
 Passwall                 Erth           16%        N/A       11%         3
 Brom's Barrelling Bould  Conj/Erth      13%        2d4       41%         4
 Petrify                  Alch/Erth      9%         N/A       58%         4


Dungeon Overview and Level Annotations

Branches:
Dungeon (2/15)

Altars:

Shops:
D:2 (


Innate Abilities, Weirdness & Mutations

You are something dangerously unstable.
You glow with magical radiation, making you easy to see and hit.
Foes you strike become dangerously contaminated with magical radiation.
Your maximum health is decreased, since you lack skill for your form.
You are incapable of wielding weapons or throwing items.
Your plain brown scales are hard. (AC +5)
You cannot fit into any form of body armour.
You are cold-blooded and may be slowed by cold attacks.


Message History

Robin hits you but does no damage. The hobgoblin barely misses you.
You hit Robin but do no damage.
Robin shudders as magic cascades through them!
Robin twists and deforms.
You tail-slap Robin, but do no damage.
Robin is almost dead.
Robin barely misses you. The hobgoblin closely misses you.
You hit Robin.
Robin begins to glow.
Robin is almost dead.
Robin roars a battlecry!
The goblins go into a battle-frenzy!
The hobgoblin completely misses you.
You hit Robin but do no damage.
Robin glows dangerously bright.
Robin is almost dead.
Robin misses you. The hobgoblin misses you.
You hit Robin.
You kill Robin!
The hobgoblin barely misses you.
You hit the hobgoblin.
The hobgoblin begins to glow.
The hobgoblin is moderately wounded.
The goblin closely misses you. The hobgoblin completely misses you.
Things that are here:
a +0 dagger; a +0 sling You hit the hobgoblin.
The hobgoblin glows dangerously bright.
The hobgoblin is severely wounded.
The goblin barely misses you. The hobgoblin misses you.
You hit the hobgoblin.
You kill the hobgoblin!
The goblin barely misses you.
You hit the goblin.
The goblin begins to glow.
You tail-slap the goblin, but do no damage.
The goblin is heavily wounded.
The goblin closely misses you.
You hit the goblin.
You kill the goblin!
You barely miss the goblin.
Your tail-slap misses the goblin.
The goblin hits you with a +2 dagger of draining.
Ouch! That really hurt!
* * * LOW HITPOINT WARNING * * *
You feel drained.
You die...

#. #.## ##########
...>. ......gp)#
..#.#############.#
...........# #.#
.........#.# #.#
.........#.# #.#
.........#.# #.#
.........#.# #.#
.........#.######.#
.........#........#


You could see a goblin (strong).

Vanquished Creatures
  Natasha (D:2)
  Robin (D:2)
  4 gnolls (D:2)
  3 adders (D:2)
  3 endoplasms (D:2)
  7 goblins
  5 hobgoblins
  2 kobolds
  A quokka (D:1)
  5 ball pythons
  A bat (D:2)
  2 rats (D:1)
35 creatures vanquished.

Notes
Turn   | Place    | Note
-------+----------+-------------------------------------------
     0 | D:1      | asishallab the Draconian Earth Elementalist began the quest
                  | for the Orb.
     0 | D:1      | Reached XP level 1. HP: 14/14 MP: 3/3
   210 | D:1      | Reached XP level 2. HP: 12/20 MP: 0/5
   426 | D:1      | Found a faded altar of an unknown god.
   718 | D:2      | Found Akhlast's Antique Weapon Emporium.
   764 | D:2      | Identified the +1 robe of Himnets {Fly Slay+3}
   780 | D:2      | Noticed Natasha
   788 | D:2      | Killed Natasha
   789 | D:2      | Reached XP level 3. HP: 26/26 MP: 1/6
   793 | D:2      | Learned a level 3 spell: Stone Arrow
   911 | D:2      | Reached XP level 4. HP: 33/33 MP: 0/7
  1158 | D:2      | Noticed Robin
  1179 | D:2      | Killed Robin
  1186 | D:2      | Slain by a goblin

Illustrated notes

Levels and vault maps discovered:
D:1:      amcnicky_arrival_choice, layout_loops_ring,
          hellmonk_ecumenical_altar_pennies_from_heaven, minmay_tromino_v4_a
D:2:      layout_basic, serial_shops, nicolae_diamond_shop,
          chequers_serial_rivers_room_a, uniq_robin, uniq_natasha

Skill      XL: |  1  2  3 |
---------------+----------+-----
Dodging        | 2 |  2.8
Conjurations   | 2 |  2.4
Stealth        | |  1.7
Spellcasting   | |  2.9
Earth Magic    | |  3.8

Action                     |  1- 3 |  4- 6 || total
---------------------------+-------+-------++-------
  Melee: Unarmed           |     5 |    21 ||    26
         Punch             |     1 |       ||     1
         Dagger            |     1 |     7 ||     8
         Tailslap          |       |     4 ||     4
  Throw: Dart              |     2 |       ||     2
   Cast: Sandblast         |    25 |    10 ||    35
         Stone Arrow       |     1 |     6 ||     7
    Use: Potion            |       |     2 ||     2
 Armour: Skin              |     8 |    22 ||    30
  Dodge: Dodged            |     7 |    41 ||    48
   Form: Flux              |       |     1 ||     1
